 Dungeon Crawl Stone Soup version 0.31-a0-150-g89dc3ad700 (webtiles) character file.

Game seed: 9160801168657434492

6243 qw the Skirmisher (level 10, 0/91 HPs)
             Began as a Minotaur Hunter on June 8, 2023.
             Was a Believer of Okawaru.
             Slain by a wolf (3 damage)
             ... on level 2 of the Lair of Beasts.
             The game lasted 00:03:47 (10821 turns).

qw the Skirmisher (Minotaur Hunter)                Turns: 10821, Time: 00:03:47

Health: 0/91       AC: 12    Str: 17    XL:     10   Next: 62%
Magic:  12/12      EV: 16    Int:  6    God:    Okawaru [**....]
Gold:   477        SH:  0    Dex: 17    Spells: 9/9 levels left

rFire   . . .        Y - +0 orcbow
rCold   . . .        (shield currently unavailable)
rNeg    . . .        g - +0 ring mail
rPois   .            (helmet restricted)
rElec   .            (no cloak)
rCorr   .            h - +1 pair of gloves
SInv    .            i - +2 pair of boots
Will    .....        (no amulet)
Stlth   +++          (no ring)
HPRegen 0.35/turn    (no ring)
MPRegen 0.13/turn

%: no passive effects
@: heroic
A: horns 2, retaliatory headbutt
a: Renounce Religion, Heroism


You were on level 2 of the Lair of Beasts.
You worshipped Okawaru.
Okawaru was pleased with you.
You visited 3 branches of the dungeon, and saw 11 of its levels.

You collected 521 gold pieces.
You spent 44 gold pieces at shops.


Innate Abilities, Weirdness & Mutations

You have a pair of horns on your head.
You reflexively headbutt those who attack you in melee.


   Skills:
 - Level 9.1(14.1) Fighting
 - Level 14.0(19.0) Ranged Weapons
 - Level 4.0(9.0) Armour
 + Level 5.6(10.6) Dodging
 - Level 0.7(5.7) Stealth
 - Level 4.1 Invocations


You had 9 spell levels left.
You didn't know any spells.
Your spell library was empty.

Inventory:

Hand Weapons
 Y - a +0 orcbow (weapon)
Armour
 g - a +0 ring mail (worn)
 h - a +1 pair of gloves (worn)
 i - a +2 pair of boots (worn)
Jewellery
 b - a ring of fire
Scrolls
 a - 7 scrolls of identify
 c - a scroll of immolation {unknown}
Potions
 d - 2 potions of might
 e - 3 potions of curing

Dungeon Overview and Level Annotations

Branches:
Dungeon (8/15)             Temple (1/1) D:5            Lair (2/5) D:8
  Swamp (0/4) Lair:2
  Snake: Lair:2-3    Spider: Lair:2-3

Altars:
Cheibriados
Dithmenos
Elyvilon
Fedhas
Gozag
Hepliaklqana
Kikubaaqudgha
Makhleb
Nemelex Xobeh
Okawaru
Qazlal
Ru
Sif Muna
Trog
Uskayaw
Vehumet
Wu Jian
Xom
Yredelemnul
The Shining One

Shops:
D:7 ?

Annotations:
D:6 3 runed translucent doors, qw's ghost, novice GrFi


Message History

The yak closely misses you. You furiously retaliate!
You headbutt the yak! The yak gores you but does no damage.
You shoot an arrow. The arrow hits the yak!
The yak is almost dead.
The yak barely misses you. The yak closely misses you.
You shoot an arrow. The arrow hits the yak!
You kill the yak!
Okawaru accepts your kill. The wolf closely misses you.
You furiously retaliate!
You headbutt the wolf. The yak barely misses you.
You shoot an arrow. The arrow closely misses the yak.
The arrow misses the wolf.
The wolf closely misses you. The wolf bites you.
The wolf bites you but does no damage. The wolf misses you.
You furiously retaliate!
You headbutt the wolf! You shoot an arrow. The arrow hits the wolf.
The wolf is severely wounded.
The wolf closely misses you. You furiously retaliate!
You headbutt the wolf. The yak barely misses you. The yak gores you.
You shoot an arrow. The arrow hits the wolf!
You kill the wolf!
Okawaru accepts your kill. The wolf completely misses you.
The yak gores you but does no damage. The yak gores you!
The wolf bites you but does no damage.
You shoot an arrow. The arrow barely misses the yak.
The wolf misses you. You furiously retaliate!
You headbutt the wolf. The wolf closely misses you. The yak gores you! x2
You shoot an arrow. The arrow hits the yak!
The yak is severely wounded.
The wolf barely misses you. You furiously retaliate!
You headbutt the wolf. The wolf closely misses you.
The wolf completely misses you.
You shoot an arrow. The arrow hits the yak.
The yak is severely wounded.
The wolf misses you. You furiously retaliate!
You headbutt the wolf! The yak gores you. The yak closely misses you.
The wolf misses you.
You shoot an arrow. The arrow hits the yak.
The yak is almost dead.
The wolf misses you. The wolf barely misses you. The yak completely misses you.
You furiously retaliate!
You headbutt the yak! The yak gores you. The wolf bites you.
You die...

.#######....##P.###....#..#.##
..............................
..............................
..............................
..............................
##+..##......##..P#.#....##.##
#.####......########...####.#
#.. #.......%h.........#.....
.. ##....hP@Y...............
#.....h#Y.........##....
..........%...##....# ...
###......#.....¤#...## .
#.....#####¤#¤#...#
.......P###¤¤¤¤¤¤..##
.............¤¤....P#
..........¤¤¤..¤.....
.......¤¤¤¤.....


You could see 2 yaks and 3 wolves.

Vanquished Creatures
  A black mamba (Lair:1)
  A cane toad (Lair:1)
  A komodo dragon (Lair:1)
  A polar bear (Lair:1)
  A wyvern (D:8)
  7 yaks
  3 water moccasins
  3 black bears
  An ice beast (D:7)
  3 sky beasts
  An ogre (D:5)
  5 centaurs
  6 wolves (Lair:2)
  A phantom (D:6)
  A kobold brigand (D:8)
  5 bullfrogs
  2 scorpions (Lair:2)
  4 gnoll sergeants (D:8)
  5 wights (D:7)
  2 howler monkeys (D:6)
  8 hounds
  A jelly (D:8)
  2 orc priests (D:3)
  3 gnoll boudas
  Natasha (twice) (D:2)
  4 iguanas
  An orc wizard (D:8)
  19 gnolls
  10 adders
  2 white imps
  2 worms
  4 dart slugs
  9 orcs
  8 endoplasms
  A giant cockroach (Lair:2)
  7 goblins
  7 hobgoblins
  5 jackals
  14 kobolds
  5 quokkas
  5 ball pythons
  7 bats
  4 frilled lizards
  6 rats
190 creatures vanquished.

Vanquished Creatures (collateral kills)
  An orc (D:4)
1 creature vanquished.

Grand Total: 191 creatures vanquished

Notes
Turn   | Place    | Note
-------+----------+-------------------------------------------
     0 | D:1      | qw the Minotaur Hunter began the quest for the Orb.
     0 | D:1      | Reached XP level 1. HP: 18/18 MP: 0/0
     0 | D:1      | 0 ||| qw: Version: 0.2-a-119-g7aa9181
     0 | D:1      | 0 ||| qw: Game counter: 2765
     0 | D:1      | 0 ||| qw: Always use a shield: true
     0 | D:1      | 0 ||| qw: God list: Okawaru
     0 | D:1      | 0 ||| qw: Allow faded altars: false
     0 | D:1      | 0 ||| qw: Do Orc after D:15 true
     0 | D:1      | 0 ||| qw: Do second Lair branch before Depths: true
     0 | D:1      | 0 ||| qw: Lair rune preference: random
     0 | D:1      | 0 ||| qw: Plans: Normal
     0 | D:1      | 0 ||| PLANNING D:1-11
   131 | D:1      | Reached XP level 2. HP: 25/25 MP: 1/1
   164 | D:1      | Reached skill level 5 in Ranged Weapons
   172 | D:1      | 172 ||| FLEEEEING.
   173 | D:1      | 173 ||| FLEEEEING.
   174 | D:1      | 174 ||| FLEEEEING.
   175 | D:1      | 175 ||| FLEEEEING.
   287 | D:1      | Reached skill level 3 in Fighting
   512 | D:1      | Reached XP level 3. HP: 31/31 MP: 2/2
   692 | D:1      | 692 ||| READING 3 scrolls labelled PATHOE OR MOISOSS.
   693 | D:1      | 693 ||| DRINKING 2 black potions.
   694 | D:1      | 694 ||| READING 2 scrolls of identify.
   694 | D:1      | 694 ||| IDENTIFYING inky potion
   695 | D:1      | 695 ||| DROPPING scroll of butterflies.
   799 | D:2      | 799 ||| Stepping ~*~*~tactically~*~*~ (water).
   904 | D:2      | Found a faded altar of an unknown god.
  1090 | D:2      | Noticed Natasha
  1093 | D:2      | Killed Natasha
  1094 | D:2      | Reached skill level 6 in Ranged Weapons
  1094 | D:2      | Reached XP level 4. HP: 38/38 MP: 3/3
  1371 | D:2      | Noticed Natasha
  1374 | D:2      | Killed Natasha
  1479 | D:2      | 1479 ||| READING scroll labelled REL PAHAMNAUM.
  1480 | D:2      | 1480 ||| READING scroll labelled GIPLEIVVUQ.
  1553 | D:2      | 1553 ||| READING 3 scrolls of identify.
  1553 | D:2      | 1553 ||| IDENTIFYING bubbling emerald potion
  1554 | D:2      | 1554 ||| DROPPING potion of berserk rage.
  1847 | D:3      | Identified the +0 dagger "Zamuap" {elec, rElec Will+ Str+2
                  | Stlth+}
  1872 | D:3      | Reached XP level 5. HP: 46/46 MP: 4/4
  1884 | D:3      | HP: 11/46 [orc priest/+0 short sword (2)]
  1886 | D:3      | HP: 5/46 [orc priest/+0 short sword (3)]
  1888 | D:3      | HP: 2/46 [orc priest/+0 short sword (4)]
  2170 | D:3      | Found a shimmering altar of Xom.
  2556 | D:3      | 2556 ||| UPGRADING to +0 ring mail.
  2566 | D:3      | 2566 ||| DROPPING +0 leather armour.
  2567 | D:3      | 2567 ||| UPGRADING to amulet of guardian spirit.
  2572 | D:3      | 2572 ||| READING scroll labelled MEYSCH NADIS.
  2573 | D:3      | 2573 ||| READING 2 scrolls labelled JINEQICKAG.
  2574 | D:3      | 2574 ||| READING 3 scrolls of identify.
  2574 | D:3      | 2574 ||| IDENTIFYING ruby potion
  2575 | D:3      | 2575 ||| DROPPING scroll of magic mapping.
  2576 | D:3      | 2576 ||| DROPPING potion of lignification.
  2701 | D:4      | Reached skill level 1 in Armour
  2717 | D:4      | Reached skill level 7 in Ranged Weapons
  2751 | D:4      | 2751 ||| READING scroll labelled LOESTICSEV.
  2752 | D:4      | 2752 ||| READING scroll labelled HAEPLI REUGO.
  2759 | D:4      | Reached XP level 6. HP: 52/52 MP: 5/5
  2759 | D:4      | 2759 ||| READING scroll labelled NOTUXZAXUO.
  2760 | D:4      | 2760 ||| READING scroll labelled VONKICK ZOTS.
  2919 | D:4      | 2919 ||| STAIRDANCE
  3241 | D:4      | 3241 ||| DROPPING amulet of magic regeneration.
  3249 | D:5      | Entered Level 5 of the Dungeon
  3249 | D:5      | Noticed a sky beast
  3256 | D:5      | 3256 ||| STAIRDANCE
  3261 | D:4      | Killed a sky beast
  3358 | D:5      | Reached skill level 8 in Ranged Weapons
  3497 | D:5      | Found a staircase to the Ecumenical Temple.
  3498 | D:5      | 3498 ||| PLANNING TEMPLE
  3498 | D:5      | 3498 ||| UPGRADING to +0 pair of boots.
  3503 | D:5      | 3503 ||| READING 2 scrolls of enchant armour.
  3503 | D:5      | 3503 ||| ENCHANTING +0 pair of boots.
  3504 | D:5      | 3504 ||| READING scroll of enchant armour.
  3504 | D:5      | 3504 ||| ENCHANTING +1 pair of boots.
  3505 | D:5      | 3505 ||| READING scroll labelled TICOIH DIXE.
  3506 | D:5      | 3506 ||| DRINKING 3 yellow potions.
  3507 | D:5      | 3507 ||| DROPPING 2 potions of attraction.
  3508 | D:5      | Found the +8 mithril axe "Arga" {speed, Will+}
  3516 | Temple   | Entered the Ecumenical Temple
  3693 | Temple   | 3693 ||| PLANNING D:1-11
  3734 | D:5      | Reached XP level 7. HP: 43/60 MP: 2/6
  3899 | D:5      | Found a white marble altar of Elyvilon.
  3964 | D:5      | You fall into a shaft and drop 3 floors!
  4035 | D:8      | Reached skill level 9 in Ranged Weapons
  4205 | D:8      | Reached skill level 3 in Dodging
  4256 | D:8      | Reached XP level 8. HP: 35/70 MP: 5/7
  4270 | D:8      | HP: 16/70 [gnoll/+0 halberd (3)]
  4271 | D:8      | 4271 ||| READING scroll of teleportation.
  4284 | D:8      | HP: 3/70 [gnoll/+0 halberd (12)]
  4287 | D:8      | Reached skill level 6 in Fighting
  4526 | D:8      | 4526 ||| READING 4 scrolls of identify.
  4526 | D:8      | 4526 ||| IDENTIFYING fuming purple potion
  4527 | D:8      | 4527 ||| DROPPING potion of degeneration.
  4645 | D:6      | Found a runed translucent gate.
  4645 | D:6      | Found a runed translucent gate.
  4703 | D:5      | Reached skill level 10 in Ranged Weapons
  4752 | D:5      | Found a bloodstained altar of Trog.
  4897 | D:5      | Found a radiant altar of Vehumet.
  4977 | D:5      | 4977 ||| SWAPPING to +0 orcbow.
  4978 | D:5      | 4978 ||| DROPPING +1 shortbow.
  4979 | D:5      | 4979 ||| UPGRADING to +1 pair of gloves.
  4984 | D:5      | 4984 ||| READING 2 scrolls labelled BOAGYA YDDAIRU.
  4985 | D:5      | 4985 ||| DROPPING scroll of poison.
  4987 | D:5      | 4987 ||| Stepping ~*~*~tactically~*~*~ (cloud).
  5147 | D:6      | Reached skill level 3 in Armour
  5220 | D:6      | Found a glowing golden altar of the Shining One.
  5307 | D:6      | Found a blossoming altar of Fedhas.
  5613 | D:6      | Found a runed translucent gate.
  5613 | D:6      | Noticed qw's ghost (novice GrFi)
  5614 | D:6      | Noticed qw's ghost (novice GrFi)
  6258 | D:7      | Found Oprutt's Magic Scroll Emporium.
  6264 | D:7      | 6264 ||| BUYING scroll of identify (22 gold).
  6264 | D:7      | Bought a scroll of identify for 22 gold pieces
  6264 | D:7      | 6264 ||| BUYING scroll of identify (22 gold).
  6264 | D:7      | Bought a scroll of identify for 22 gold pieces
  6301 | D:7      | Found a shadowy altar of Dithmenos.
  6332 | D:7      | Reached skill level 11 in Ranged Weapons
  6506 | D:7      | Found an iron altar of Okawaru.
  6507 | D:7      | 6507 ||| PLANNING OKAWARU WORSHIP
  6514 | D:7      | Became a worshipper of Warmaster Okawaru
  6514 | D:7      | 6514 ||| PLANNING D:1-11
  6515 | D:7      | 6515 ||| REMOVING amulet of guardian spirit.
  6563 | D:7      | Reached XP level 9. HP: 65/79 MP: 8/8
  7582 | D:7      | 7582 ||| DROPPING amulet of guardian spirit.
  7637 | D:8      | Found a staircase to the Lair.
  7647 | D:8      | 7647 ||| Stepping ~*~*~tactically~*~*~ (outnumbered).
  7700 | D:8      | Reached skill level 12 in Ranged Weapons
  7862 | D:8      | Found an opulent altar of Gozag.
  8070 | D:8      | HP: 12/81 [gnoll sergeant/+5 trident of pain (14)]
  8071 | D:8      | 8071 ||| READING scroll of teleportation.
  8072 | D:8      | HP: 5/81 [gnoll sergeant/+5 trident of pain (5)]
  8073 | D:8      | HP: 2/81 [gnoll sergeant/+5 trident of pain (2)]
  8485 | D:8      | 8485 ||| PLANNING LAIR
  8513 | Lair:1   | Entered Level 1 of the Lair of Beasts
  8523 | Lair:1   | 8523 ||| STAIRDANCE
  8526 | D:8      | Reached * piety under Okawaru
  8711 | D:8      | Reached skill level 1 in Invocations
  8790 | D:8      | HP: 15/81 [gnoll sergeant/+6 antimagic trident (7)]
  9091 | D:8      | 9091 ||| INVOKING Heroism.
  9115 | D:8      | 9115 ||| INVOKING Heroism.
  9138 | D:8      | HP: 18/81 [gnoll sergeant/+2 trident of flaming (11)]
  9139 | D:8      | 9139 ||| INVOKING Heroism.
  9140 | D:8      | HP: 7/81 [gnoll sergeant/+2 trident of flaming (3)]
  9155 | D:8      | 9155 ||| FLEEEEING.
  9407 | D:8      | 9407 ||| DROPPING scarf of shadows.
  9464 | Lair:1   | Noticed a cane toad
  9465 | Lair:1   | 9465 ||| INVOKING Heroism.
  9471 | Lair:1   | Killed a cane toad
  9504 | Lair:1   | Noticed a polar bear
  9505 | Lair:1   | 9505 ||| INVOKING Heroism.
  9512 | Lair:1   | Killed a polar bear
  9513 | Lair:1   | Reached skill level 3 in Invocations
  9644 | Lair:1   | Noticed a black mamba
  9645 | Lair:1   | 9645 ||| INVOKING Heroism.
  9656 | Lair:1   | Killed a black mamba
  9657 | Lair:1   | Reached XP level 10. HP: 26/88 MP: 9/11
  9658 | Lair:1   | HP: 22/88 [poisoned by a black mamba]
  9663 | Lair:1   | HP: 17/88 [poisoned by a black mamba]
  9947 | Lair:1   | Reached skill level 13 in Ranged Weapons
 10025 | Lair:1   | Reached ** piety under Okawaru
 10099 | Lair:1   | 10099 ||| INVOKING Heroism.
 10607 | Lair:1   | 10607 ||| READING scroll labelled YPHUIRCHOQI.
 10608 | Lair:1   | 10608 ||| READING 8 scrolls of identify.
 10608 | Lair:1   | 10608 ||| IDENTIFYING silvery potion
 10643 | Lair:2   | Found a staircase to the Swamp.
 10660 | Lair:2   | Reached skill level 9 in Fighting
 10768 | Lair:2   | 10768 ||| INVOKING Heroism.
 10783 | Lair:2   | 10783 ||| FLEEEEING.
 10784 | Lair:2   | 10784 ||| FLEEEEING.
 10785 | Lair:2   | 10785 ||| FLEEEEING.
 10786 | Lair:2   | 10786 ||| FLEEEEING.
 10790 | Lair:2   | 10790 ||| FLEEEEING.
 10791 | Lair:2   | 10791 ||| FLEEEEING.
 10792 | Lair:2   | 10792 ||| FLEEEEING.
 10794 | Lair:2   | 10794 ||| INVOKING Heroism.
 10809 | Lair:2   | Reached skill level 14 in Ranged Weapons
 10809 | Lair:2   | HP: 21/91 [yak (10)]
 10810 | Lair:2   | 10810 ||| DRINKING potion of heal wounds.
 10818 | Lair:2   | HP: 19/91 [yak (8)]
 10820 | Lair:2   | HP: 6/91 [yak (6)]
 10821 | Lair:2   | Slain by a wolf

Levels and vault maps discovered:
D:1:      eino_arrival_cavern_b, layout_basic, st_stairs_3, minmay_distorted
D:2:      layout_basic, shapermc_ecumenical_altar_flowoftime,
          chequers_serial_rivers_large_a, uniq_natasha
D:3:      layout_basic, nicolae_overflow_hidden_temple, columned_hall_lemuel,
          chequers_serial_rivers_small_b, hangedman_decor_peaks_small,
          grunt_ministairs_2
D:4:      layout_loops_ring
D:5:      layout_loops_ring, mainiacjoe_overflow_surrounded_room,
          mainiacjoe_overflow_catwalk, vehumet_crystals,
          minmay_temple_entry_glassed_door
D:6:      layout_layer_cave, fedhas_altar_3, mainiacjoe_overflow_paths,
          gammafunk_ghost_cemetery
D:7:      layout_loops_corners, lemuel_round_altar,
          nicolae_overflow_crystal_walls, serial_rivers,
          chequers_serial_rivers_micro_e, chequers_serial_rivers_large_b,
          chequers_serial_rivers_marsh, chequers_serial_rivers_small_3,
          chequers_serial_rivers_micro_d, chequers_serial_rivers_marsh,
          serial_shops, shop_statue
D:8:      layout_cave_pools, grunt_gozag_statues, lair_entry_dummy,
          serial_gnoll_camp, gnoll_camp_mini_hut, gnoll_camp_mini_basic,
          gnoll_camp_mini_basic, gnoll_camp_medium_01, gnoll_camp_mini_house
Temple:   chequers_temple_sunken
Lair:1:   layout_misc_corridors
Lair:2:   layout_regular_city, swamp_mist, nicolae_spider_entry_non_spiders,
          beast_lair_carwin_9

Skill      XL: |  1  2  3  4  5  6  7  8  9 10 |
---------------+-------------------------------+-----
Ranged Weapons | 5 6 7 8 9 11 12 14 | 14.0
Fighting       | 3 4 5 7 8 9 |  9.1
Armour         | 1 2 3 4 |  4.0
Dodging        | 3 4 5 |  5.6
Invocations    | 3 4 |  4.1
Stealth        | |  0.7

Action                     |  1- 3 |  4- 6 |  7- 9 | 10-12 || total
---------------------------+-------+-------+-------+-------++-------
   Fire: Shortbow          |   124 |   131 |   150 |       ||   405
         Orcbow            |       |       |   343 |   117 ||   460
 Invoke: Heroism           |       |       |     6 |     3 ||     9
    Use: Scroll            |     2 |    13 |     4 |     2 ||    21
         Potion            |     1 |     1 |       |     1 ||     3
 Armour: Leather armour    |     8 |     3 |       |       ||    11
         Ring mail         |       |    23 |    86 |    53 ||   162
  Dodge: Dodged            |    23 |    28 |   183 |    92 ||   326

Table legend:
 A = Non-vault XP
 B = Vault XP
 C = Vault XP percentage of total XP
 D = Non-vault monster count
 E = Vault monster count
 F = Vault count percentage of total count
                 A         B        C        D         E       F
            +---------+---------+-------+---------+---------+-------
      Total |    7861 |    1058 |  11.9 |     155 |      36 |  18.8
            +---------+---------+-------+---------+---------+-------
        D:1 |      41 |       6 |  12.8 |      22 |       4 |  15.4
        D:2 |      60 |      36 |  37.5 |      17 |       1 |   5.6
        D:3 |     123 |      27 |  18.0 |      21 |       2 |   8.7
        D:4 |     242 |       0 |   0.0 |      13 |       0 |   0.0
        D:5 |     616 |       0 |   0.0 |      12 |       0 |   0.0
        D:6 |     892 |       0 |   0.0 |      17 |       0 |   0.0
        D:7 |     654 |       0 |   0.0 |      12 |       0 |   0.0
        D:8 |    1278 |     808 |  38.7 |      21 |      25 |  54.3
     Lair:1 |    2071 |       0 |   0.0 |       7 |       0 |   0.0
     Lair:2 |    1884 |     181 |   8.8 |      13 |       4 |  23.5
            +---------+---------+-------+---------+---------+-------
